 Dungeon Crawl Stone Soup version 0.30.2 (webtiles) character file.

Game seed: 566551034216782687

80 porpoise the Poker (level 4, -1/35 HPs)
             Began as a Demonspawn Gladiator on Mar 27, 2024.
             Shot with an arrow by a centaur (10 damage)
             ... on level 5 of the Dungeon.
             The game lasted 00:05:05 (1406 turns).

porpoise the Poker (Demonspawn Gladiator)           Turns: 1406, Time: 00:05:06

Health: -1/35      AC:  6    Str: 16    XL:     4   Next: 18%
Magic:  4/4        EV: 11    Int: 10    God:
Gold:   83         SH:  0    Dex: 14    Spells: 3/3 levels left

rFire   . . .        a - +1 trident
rCold   . . .        (no shield)
rNeg    . . .        n - +0 ring mail
rPois   .            c - +0 helmet
rElec   .            (no cloak)
rCorr   .            (no gloves)
SInv    .            (no boots)
Will    .....        (no amulet)
Stlth   +            (no ring)
HPRegen 0.25/turn    (no ring)
MPRegen 0.09/turn

%: no passive effects
@: no status effects
A: claws 1, spiny 1
a: no special abilities


You were on level 5 of the Dungeon.
You visited 1 branch of the dungeon, and saw 4 of its levels.

You collected 83 gold pieces.

Inventory:

Hand Weapons
 a - a +1 trident (weapon)
 b - a +0 sling
Missiles
 d - 3 throwing nets (quivered)
 e - a javelin
 k - 2 poisoned darts
Armour
 c - a +0 helmet (worn)
 n - a +0 ring mail (worn)
Wands
 m - a wand of flame (26)
Scrolls
 l - a scroll of noise
Potions
 f - 2 potions of mutation
 g - a potion of degeneration {unknown}
 h - 3 potions of curing
 i - a potion of heal wounds {unknown}


   Skills:
 + Level 3.0 Fighting
 * Level 4.1 Polearms
 - Level 1.7 Throwing
 - Level 2.6 Dodging


You had 3 spell levels left.
You didn't know any spells.
Your spell library was empty.

Dungeon Overview and Level Annotations

Branches:
Dungeon (3/15)

Altars:


Innate Abilities, Weirdness & Mutations

You have sharp fingernails.
You are partially covered in sharp spines.


Message History

You now have 79 gold pieces (gained 12).
You reach to attack!
You puncture the rat!
You kill the rat!
As you open the door, it creaks loudly!
There is an open door here.
Found a sling.
You see here a +0 sling.
g - a +0 sling You hear the slow rusting of a very distant drain.
Adjust to which letter? (? for menu, Esc to quit)
b - a +0 sling;
g - a clear potion
There is a stone staircase leading down here.
You open the door.
Found a falchion.
There is an open door here.
You now have 83 gold pieces (gained 4).
Found 6 stones.
Found a stone staircase leading down.
A sourceless malevolence fills the Dungeon...
You fall into a shaft and drop 2 floors!
The shaft crumbles and collapses.
Okay, then.
A centaur comes into view.
Found a glowing hand axe.
The centaur shouts!
The centaur wields a +0 shortbow.
The centaur shoots an arrow.
The arrow hits you!
The centaur shoots an arrow.
The arrow hits you!
An orc comes into view. It is wielding a +0 whip.
The orc shouts!
You are too injured to fight recklessly!
Unknown command.
You are too injured to fight recklessly!
Unknown command.
The centaur shoots an arrow.
The arrow closely misses you.
The centaur shoots an arrow.
The arrow hits you but does no damage.
The centaur shoots an arrow.
The arrow hits you.
Found a quarterstaff.
The centaur shoots an arrow.
The arrow hits you.
* * * LOW HITPOINT WARNING * * *
The centaur shoots an arrow.
The arrow hits you!
You die...

#..# #.##
##.## ##.### #
##..# ..
##.#####...
#..........
##..........
#...@.......
#..#.........
#.##......o...
#.#
##....)c...
#.# ##........
.# .#....... #
##..... ....)


You could see a centaur and an orc.

Vanquished Creatures
  3 adders (D:2)
  A gnoll (D:1)
  2 dart slugs (D:2)
  6 ball pythons
  5 endoplasms
  3 giant cockroaches (D:1)
  A goblin (D:2)
  2 hobgoblins (D:2)
  4 jackals (D:1)
  5 kobolds
  4 frilled lizards
  2 rats
38 creatures vanquished.

Notes
Turn   | Place    | Note
-------+----------+-------------------------------------------
     0 | D:1      | porpoise the Demonspawn Gladiator began the quest for the
                  | Orb.
     0 | D:1      | Reached XP level 1. HP: 16/16 MP: 1/1
    27 | D:1      | Reached skill level 3 in Polearms
    27 | D:1      | Gained mutation: You are partially covered in sharp spines.
                  | [demonic ancestry]
    27 | D:1      | Reached XP level 2. HP: 12/22 MP: 2/2
   524 | D:1      | Reached XP level 3. HP: 28/28 MP: 3/3
   989 | D:2      | Reached skill level 4 in Polearms
  1011 | D:2      | Discovered your monstrous ancestry.
  1011 | D:2      | Gained mutation: You have sharp fingernails. [demonic
                  | ancestry]
  1011 | D:2      | Reached XP level 4. HP: 26/34 MP: 4/4
  1399 | D:3      | You fall into a shaft and drop 2 floors!
  1399 | D:5      | Entered Level 5 of the Dungeon
  1402 | D:5      | Noticed a centaur
  1406 | D:5      | Shot with an arrow by a centaur

Illustrated notes

Levels and vault maps discovered:
D:1:      dpeg_arrival_line_fractal, layout_rooms
D:2:      layout_rooms
D:3:      layout_basic, serial_shops, nicolae_shop_pleasant_corner_grove,
          basic_ecumenical_altar, portal_sewer_entry_c, uniq_ijyb
D:5:      layout_layer_cave, minmay_temple_entry_offerings,
          gammafunk_ghost_nasty_kobolds, uniq_crazy_yiuf_cottage

Skill      XL: |  1  2  3  4 |
---------------+-------------+-----
Polearms       | 3 4 |  4.1
Fighting       | 3 |  3.0
Throwing       | |  1.7
Dodging        | |  2.6

Action                     |  1- 3 |  4- 6 || total
---------------------------+-------+-------++-------
  Melee: Trident           |    81 |    13 ||    94
    Use: Scroll            |       |     5 ||     5
 Armour: Leather armour    |     4 |       ||     4
         Ring mail         |     9 |     1 ||    10
  Dodge: Dodged            |    26 |     8 ||    34
